 Dungeon Crawl Stone Soup version 0.23.1 (webtiles) character file.

Game seed: 16821180793589023975

1829 Borgoz the Ducker (level 9, -8/75 HPs)
             Began as a Ghoul Monk on Mar 8, 2019.
             Mangled by an unseen horror (9 damage)
             ... on level 7 of the Dungeon.
             The game lasted 00:09:30 (6574 turns).

Borgoz the Ducker (Ghoul Monk)                      Turns: 6574, Time: 00:09:30

Health: -8/75      AC:  8    Str: 18    XL:     9   Next: 11%
Magic:  8/8        EV: 12    Int:  8    God:
Gold:   409        SH:  0    Dex: 11    Spells: 8/8 levels left

rFire    + + .     SeeInvis .     - Unarmed
rCold    + . .     Gourm    .   (no shield)
rNeg     + + +     Faith    .   x - +0 scale mail "Ada Kuar" {rF+} (curse)
rPois    ∞         Spirit   .   (no helmet)
rElec    .         Reflect  .   m - +0 cloak
rCorr    .         Harm     .   (no gloves)
MR       .....                  (no boots)
Stlth    ..........             (no amulet)
HPRegen  0.00/turn              a - +3 ring of strength
MPRegen  0.11/turn              t - ring of protection from fire

@: rotting
A: rotting body, claws 1, carnivore, cold resistance 1, negative energy
resistance 3, inhibited regeneration, torment resistance, unbreathing
a: no special abilities


You were on level 7 of the Dungeon.
You were not hungry.

You visited 1 branch of the dungeon, and saw 7 of its levels.

You collected 409 gold pieces.

Inventory:

Missiles
 o - 5 javelins (quivered)
Armour
 m - a +0 cloak (worn)
 u - the -2 pair of gloves "Jefutiom" {rN++ Dex+4}
   (You found it on level 5 of the Dungeon)

   It affects your dexterity (+4).
   It greatly protects you from negative energy.
 x - the cursed +0 scale mail "Ada Kuar" (worn) {rF+}
   (You found it on level 5 of the Dungeon)

   It protects you from fire.
   It has a curse placed upon it.
Jewellery
 a - a +3 ring of strength (left claw)
 t - a ring of protection from fire (right claw)
Wands
 f - a wand of random effects (24)
 p - a wand of enslavement (6)
Scrolls
 c - 2 scrolls of teleportation
 d - 3 scrolls of identify {unknown}
 e - 4 scrolls of remove curse
 g - a scroll of immolation {unknown}
 j - a scroll of amnesia {unknown}
 l - a scroll of fear {unknown}
 n - 2 scrolls of fog {unknown}
 r - a scroll of enchant weapon {unknown}
 y - a scroll of enchant armour {unknown}
Potions
 h - 2 potions of invisibility {unknown}
 i - 4 potions of haste
 k - a potion of might {unknown}
 q - 2 potions of curing
 s - a potion of lignification {unknown}
 v - 4 potions of heal wounds {unknown}
 z - a potion of flight
 A - a potion of mutation {unknown}
 B - a potion of cancellation {unknown}
Comestibles
 b - 6 rations
 w - 9 chunks of flesh


   Skills:
 + Level 6.0 Fighting
 * Level 6.0 Armour
 * Level 6.6 Dodging
 - Level 2.1 Stealth
 + Level 6.1 Unarmed Combat


You had 8 spell levels left.
You didn't know any spells.
Your spell library contained the following spells:

 Spells                   Type           Power        Failure   Level  Hunger
 Magic Dart               Conj           #...         77%         1    ##.....
 Searing Ray              Conj           #.....       88%         2    ###....
 Dazzling Spray           Conj/Hex       #.....       98%         3    ####...
 Force Lance              Conj/Tloc      #.......     100%        4    #####..
 Fulminant Prism          Conj/Hex       #.........   100%        4    #####..
 Iskenderun's Mystic Bla  Conj           #.......     100%        4    #####..


Dungeon Overview and Level Annotations

Branches:
Dungeon (7/15)             Temple (0/1) D:4

Altars:
Gozag
Makhleb
Ru
Uskayaw
Yredelemnul
The Shining One

Shops:
D:5 [%[(

Annotations:
D:6 Dowan, Duvessa


Innate Abilities, Weirdness & Mutations

Your body is rotting away.
You thrive on raw meat.
You are immune to poison.
You have sharp fingernails.
You are carnivorous and can eat meat at any time.
Your flesh is cold resistant. (rC+)
You are immune to negative energy. (rN+++)
You do not regenerate when monsters are visible.
You are immune to unholy pain and torment.
You can survive without breathing.


Message History

The centaur shoots an arrow.
The arrow hits you! Something hits you but does no damage.
You see here an arrow.
You swing at nothing.
Something barely misses you.
The centaur shoots an arrow.
The arrow hits you.
You swing at nothing.
The centaur shoots an arrow.
The arrow hits you but does no damage. Something hits you!
* * * LOW HITPOINT WARNING * * *
You swing at nothing.
Something hits you.
* * * LOW HITPOINT WARNING * * *
The centaur shoots an arrow.
The arrow barely misses you.
Eat one of 10 chunks of flesh? (ye/n/q)
You eat one of the 10 chunks of flesh.
This raw flesh tastes great!
The centaur shoots an arrow.
The arrow hits you!
* * * LOW HITPOINT WARNING * * *
A gnoll comes into view. It is wielding a -2 club.
The centaur shoots an arrow.
The arrow hits you.
* * * LOW HITPOINT WARNING * * *
Something hits you!
You die...

#.###.#÷###.....##..#
#.....#))........#..#
#.....#...#...# .###
#.###.#..)#...#
c....#.....#...#..§..
#.....#.....)#.>.....
#g###(#.###(.#.######
#.c.(.#......#5.
......#@(...#...###
..### #.###.#...# #..
.#...# ...# ....##
###.# ...# .# ..# ..
.## ..


You could see a centaur and a gnoll.

Vanquished Creatures
  Grinder (D:3)
  Sigmund (D:3)
  A black bear (D:5)
  2 sky beasts
  An ogre (D:7)
  Blork the orc (D:4)
  4 bullfrogs
  2 scorpions (D:4)
  A centaur zombie (D:7)
  2 crimson imps
  3 hounds
  4 orc wizards
  An orc priest (D:4)
  4 worker ants
  A hound skeleton (D:6)
  6 adders
  5 gnolls
  2 shadow imps
  An ooze (D:1)
  An adder skeleton (D:3)
  An adder zombie (D:6)
  6 worms (D:2)
  2 dart slugs
  3 leopard geckos
  23 orcs
  A ball python (D:4)
  4 giant cockroaches
  4 goblins
  11 hobgoblins
  6 jackals
  9 kobolds
  5 quokkas
  3 bats
  5 frilled lizards
  A leopard gecko skeleton (D:3)
  12 rats
140 creatures vanquished.

Vanquished Creatures (others)
  5 toadstools (D:1)
5 creatures vanquished.

Grand Total: 145 creatures vanquished

Notes
Turn   | Place    | Note
-------+----------+-------------------------------------------
     0 | D:1      | Borgoz the Ghoul Monk began the quest for the Orb.
     0 | D:1      | Reached XP level 1. HP: 19/19 MP: 0/0
   304 | D:1      | Reached XP level 2. HP: 21/25 MP: 1/1
   381 | D:1      | Reached skill level 1 in Armour
  1396 | D:2      | Reached XP level 3. HP: 22/31 MP: 2/2
  1478 | D:2      | Found a glowing golden altar of the Shining One.
  1574 | D:2      | Found an opulent altar of Gozag.
  1701 | D:2      | Found a sacrificial altar of Ru.
  1828 | D:2      | Reached XP level 4. HP: 29/38 MP: 3/3
  2855 | D:3      | Noticed Grinder
  2891 | D:3      | Paralysed by Grinder for 4 turns
  2899 | D:3      | Killed Grinder
  2899 | D:3      | Reached XP level 5. HP: 7/46 MP: 4/4
  2899 | D:3      | Reached XP level 6. HP: 8/52 MP: 5/5
  4082 | D:3      | Noticed Sigmund
  4089 | D:3      | Killed Sigmund
  4089 | D:3      | Reached XP level 7. HP: 39/60 MP: 6/6
  4449 | D:4      | Found a burning altar of Makhleb.
  4449 | D:4      | Noticed a blizzard demon
  4464 | D:4      | Noticed a ynoxinul
  4464 | D:4      | Noticed a hellwing
  4552 | D:4      | Reached skill level 5 in Dodging
  4648 | D:4      | Found a staircase to the Ecumenical Temple.
  4658 | D:4      | Reached skill level 5 in Unarmed Combat
  4931 | D:4      | Noticed Blork the orc
  4943 | D:4      | Killed Blork the orc
  5015 | D:5      | Entered Level 5 of the Dungeon
  5024 | D:5      | Found a hide-covered altar of Uskayaw.
  5052 | D:5      | Reached skill level 5 in Fighting
  5052 | D:5      | Reached XP level 8. HP: 44/68 MP: 7/7
  5177 | D:5      | Found Houcucau's Armour Shop.
  5214 | D:5      | Found Vyus Teawn's Antique Armour Shop.
  5273 | D:5      | Got a pair of encrusted gloves
  5279 | D:5      | Identified the cursed -2 pair of gloves "Jefutiom" {rN++
                  | Dex+4} (You found it on level 5 of the Dungeon)
  5329 | D:5      | Found Fyicraf's Food Boutique.
  5425 | D:5      | Got a heavily runed scale mail
  5436 | D:5      | Identified the cursed +0 scale mail "Ada Kuar" {rF+} (You
                  | found it on level 5 of the Dungeon)
  5567 | D:5      | Found Razoaw's Antique Weapon Shoppe.
  5720 | D:5      | Found a basalt altar of Yredelemnul.
  6126 | D:5      | Reached skill level 5 in Armour
  6364 | D:6      | Noticed Duvessa
  6365 | D:6      | Noticed Dowan
  6474 | D:7      | Reached XP level 9. HP: 67/75 MP: 8/8
  6574 | D:7      | HP: 1/75 [centaur/arrow (6)]
  6574 | D:7      | Mangled by an unseen horror

Skill      XL: |  1  2  3  4  5  6  7  8  9 |
---------------+----------------------------+-----
Armour         | 1 3 4 5 6 |  6.0
Dodging        | 3 4 5 6 |  6.6
Fighting       | 4 5 6 |  6.0
Unarmed Combat | 4 5 6 |  6.1
Stealth        | |  2.1

Action                   |  1- 3 |  4- 6 |  7- 9 || total
-------------------------+-------+-------+-------++-------
Melee: Unarmed           |    95 |   202 |   347 ||   644
       Punch             |     1 |     3 |    12 ||    16
  Use: Potion            |       |     7 |       ||     7
       Scroll            |       |       |     4 ||     4
 Stab: Sleeping          |     3 |     5 |     3 ||    11
  Eat: Chunk             |     9 |    13 |    22 ||    44
Armor: Robe              |    11 |    16 |     5 ||    32
       Leather armour    |       |       |    15 ||    15
       Scale mail        |       |       |    82 ||    82
Dodge: Dodged            |    35 |    77 |   201 ||   313
